 Dungeon Crawl Stone Soup version 0.24.0-13-gcf9b319 (webtiles) character file.

Game seed: 88937869837681354, levelgen mode: deterministic

8895 Fortress the Blocker (level 11, 0/98 HPs)
             Began as a Deep Dwarf Fighter on Jan 25, 2020.
             Was an Initiate of Gozag.
             Slain by a swamp worm (7 damage)
             ... on level 2 of the Lair of Beasts on Jan 28, 2020.
             The game lasted 00:52:09 (7641 turns).

Fortress the Blocker (Deep Dwarf Fighter)           Turns: 7641, Time: 00:52:10

Health: 0/98       AC: 22    Str: 27    XL:     11   Next: 15%
Magic:  0/0        EV: 12    Int:  9    God:    Gozag
Gold:   38         SH: 14    Dex: 13    Spells: 10/10 levels left

rFire    + . .     SeeInvis .   Q - +2 flail (protect)
rCold    + . .     Gourm    .   c - +1 shield
rNeg     + . .     Faith    .   H - +0 plate armour
rPois    +         Spirit   .   (no helmet)
rElec    +         Reflect  .   (no cloak)
rCorr    +         Harm     .   (no gloves)
MR       +....                  t - +0 pair of boots
Stlth    ..........             (no amulet)
HPRegen  0.00/turn              l - +5 ring of evasion
MPRegen  0.07/turn              n - ring of positive energy

@: mighty, resistant (expiring), gold aura, protection aura, flying (expiring),
non-regenerating
A: damage resistance, heal wounds, sense surroundings 2, no regeneration
a: Heal Wounds, Potion Petition, Call Merchant, Bribe Branch, Renounce Religion


You were on level 2 of the Lair of Beasts.
You worshipped Gozag.
Gozag was noncommittal.
You were not hungry.

You visited 3 branches of the dungeon, and saw 11 of its levels.
You also visited: Sewer and Ossuary.

You collected 948 gold pieces.
You spent 119 gold pieces at shops.
You paid 791 gold pieces to Gozag.

Inventory:

Hand Weapons
 o - a +1 antimagic short sword
 p - a +4 dagger of holy wrath
 K - a +1 shortbow of flaming
 Q - a +2 flail of protection (weapon)
Missiles
 i - 60 poisoned darts (quivered)
 k - 7 curare-tipped darts
 u - 7 atropa-tipped darts
 L - 50 arrows
Armour
 c - a +1 shield (worn)
 t - a +0 pair of boots (worn)
 F - a +0 pair of gloves
 H - a +0 plate armour (worn)
Jewellery
 l - a +5 ring of evasion (left hand)
 n - a ring of positive energy (right hand)
 I - an uncursed ring of stealth
Wands
 N - a wand of iceblast (17)
 P - a wand of polymorph (4)
Scrolls
 a - a scroll of fog
 m - 6 scrolls of fear
 s - 2 scrolls of identify
 v - 3 scrolls of enchant armour
 w - 6 scrolls of teleportation
 y - 3 scrolls of magic mapping
 C - 5 scrolls of remove curse
Potions
 b - 2 potions of cancellation {unknown}
 d - 2 potions of might
 e - 5 potions of curing
 g - a potion of agility
 h - 3 potions of invisibility
 j - 2 potions of flight
 q - a potion of lignification {unknown}
 r - 4 potions of brilliance {unknown}
 z - a potion of berserk rage {unknown}
 A - a potion of haste {unknown}
 G - a potion of mutation {unknown}
 J - a potion of resistance {unknown}
Comestibles
 f - 12 rations


   Skills:
 + Level 6.3 Fighting
 - Level 8.3 Short Blades
   Level 3.5(3.9) Axes
 - Level 2.2(3.1) Maces & Flails
 + Level 9.7 Armour
 + Level 11.3 Shields


You had 10 spell levels left.
You didn't know any spells.
Your spell library contained the following spells:

 Spells                   Type           Power        Failure   Level  Hunger
 Summon Small Mammal      Summ           #...         99%         1    ##.....
 Call Imp                 Summ           #.......     100%        2    ###....
 Call Canine Familiar     Summ           #.......     100%        3    ####...
 Summon Guardian Golem    Hex/Summ       #.......     100%        3    ####...
 Summon Ice Beast         Ice/Summ       #.......     100%        4    #####..
 Summon Lightning Spire   Summ/Air       #.......     100%        4    #####..


Dungeon Overview and Level Annotations

Branches:
Dungeon (8/15)             Temple (1/1) D:7            Lair (2/6) D:8
  Sewer (visited)         Ossuary (visited)
  Swamp: Lair:2-4    Shoals: Lair:2-4     Snake: Lair:2-4    Spider: Lair:2-4

Altars:
Ashenzari
Cheibriados
Elyvilon
Fedhas
Gozag
Hepliaklqana
Kikubaaqudgha
Makhleb
Nemelex Xobeh
Okawaru
Qazlal
Ru
Sif Muna
Trog
Uskayaw
Wu Jian
Xom
Yredelemnul
Zin

Shops:
D:4 =   D:6 ?

Annotations:
Lair:1 exclusion: fire dragon


Innate Abilities, Weirdness & Mutations

You are resistant to damage.
You can heal yourself by infusing magical energy.
You passively map the area around you.
You do not regenerate.


Message History

* * * LOW HITPOINT WARNING * * *
You closely miss the swamp worm.
The swamp worm is heavily wounded.
The swamp worm closely misses you. x2
You sock the swamp worm!
The swamp worm is almost dead.
You start to feel less resistant.
The swamp worm closely misses you.
You barely miss the swamp worm.
The swamp worm is almost dead.
You are starting to lose your buoyancy.
You block the swamp worm's attack. The swamp worm completely misses you.
You hit the swamp worm.
The swamp worm is almost dead.
You block the swamp worm's attack.
You closely miss the swamp worm.
The swamp worm is almost dead.
The swamp worm bites you!
You die...
Your body crumbles into a pile of gold.

, ,
....#............P...
,,
........#.......+... ,
...#........####.... *
,..........##.....#..
* *,
≈≈≈≈≈........>......
≈≈≈≈≈≈≈....#........ *
#######≈≈≈.#####.#....
##≈≈≈≈≈#F≈≈..# #.###..
, , #?≈≈≈≈@ww≈≈.##
##.,##.
≈≈##≈≈≈≈≈#≈≈≈.#* * ..
# , ≈ #######≈≈≈..#
*..., , *, ≈ ≈
≈≈≈≈...# * ... , , , ≈
≈≈....## , , #≈##F..#
* , , * * ...# ,,, ,
,* ,....*, , , * *, ,,
,


You could see a tyrant leech, a swamp worm and a bullfrog.

Vanquished Creatures
  A torpor snail (Lair:2)
  3 spiny frogs (Lair:1)
  4 komodo dragons (Lair:1)
  3 blink frogs
  3 hippogriffs
  4 yaks (Lair:1)
  A wyvern (D:8)
  2 steam dragons (D:7)
  A basilisk (Lair:1)
  Menkaure (Ossuary)
  6 water moccasins
  2 porcupines (Lair:2)
  2 sky beasts
  3 orc warriors
  An ice beast (D:6)
  A black bear (D:7)
  4 ogres
  4 centaurs
  2 crocodiles (Lair:1)
  2 big kobolds
  5 bullfrogs
  A scorpion (D:6)
  8 wights
  2 electric eels (Lair:1)
  3 crimson imps
  2 jellies
  A gnoll shaman (D:6)
  An orc priest (D:7)
  2 hounds
  2 iguanas
  5 worker ants
  An orc wizard (D:8)
  3 hound skeletons
  3 mummies (Ossuary)
  A worker ant zombie (D:6)
  4 gnolls (D:6)
  A river rat (D:3)
  12 adders
  A shadow imp (D:5)
  2 oozes (Sewer)
  3 adder skeletons
  3 worms (D:2)
  2 dart slugs (D:1)
  4 leopard geckos
  22 orcs
  7 ball pythons
  8 bats
  9 giant cockroaches
  5 gnoll zombies (Ossuary)
  4 goblins
  11 hobgoblins
  12 jackals
  3 quokkas
  8 frilled lizards
  5 gnoll skeletons (Ossuary)
  7 goblin skeletons (Ossuary)
  5 goblin zombies
  4 hobgoblin skeletons (Ossuary)
  5 hobgoblin zombies (Ossuary)
  24 kobolds
  2 kobold skeletons (Ossuary)
  3 kobold zombies (Ossuary)
  2 leopard gecko skeletons (D:6)
  4 orc skeletons (Ossuary)
  4 orc zombies (Ossuary)
  6 rats
  A rat skeleton (Ossuary)
  5 rat zombies
288 creatures vanquished.

Vanquished Creatures (collateral kills)
  A spiny frog (Lair:1)
1 creature vanquished.

Vanquished Creatures (others)
  An orc skeleton (Ossuary)
  A rat skeleton (Ossuary)
  4 plants (Lair:2)
6 creatures vanquished.

Grand Total: 295 creatures vanquished

Notes
Turn   | Place    | Note
-------+----------+-------------------------------------------
     0 | D:1      | Fortress the Deep Dwarf Fighter began the quest for the
                  | Orb.
     0 | D:1      | Reached XP level 1. HP: 20/20 MP: 1/1
    50 | D:1      | Reached XP level 2. HP: 27/27 MP: 2/2
   572 | D:2      | Reached XP level 3. HP: 31/34 MP: 3/3
   644 | D:2      | Reached XP level 4. HP: 33/42 MP: 4/4
   961 | D:2      | Reached skill level 4 in Shields
  1283 | D:3      | Found a glowing drain.
  1288 | Sewer    | Entered a sewer
  1391 | Sewer    | Noticed a big kobold
  1406 | Sewer    | Killed a big kobold
  1406 | Sewer    | Reached skill level 1 in Short Blades
  1406 | Sewer    | Reached XP level 5. HP: 39/49 MP: 4/4
  1678 | D:3      | Found a white marble altar of Elyvilon.
  1697 | D:3      | Found a faded altar of an unknown god.
  1923 | D:3      | Found a glowing silver altar of Zin.
  2041 | D:4      | Found a shattered altar of Ashenzari.
  2095 | D:4      | Reached XP level 6. HP: 45/56 MP: 5/5
  2197 | D:4      | Found a sand-covered staircase.
  2213 | Ossuary  | Entered an ossuary
  2473 | Ossuary  | Noticed Menkaure
  2480 | Ossuary  | Killed Menkaure
  2480 | Ossuary  | Reached skill level 5 in Shields
  2679 | D:4      | Found Ezyts's Jewellery Emporium.
  2802 | D:4      | Found an iron altar of Okawaru.
  2933 | D:5      | Entered Level 5 of the Dungeon
  2960 | D:5      | Reached skill level 5 in Armour
  2960 | D:5      | Reached XP level 7. HP: 61/62 MP: 6/6
  3164 | D:5      | Found a bloodstained altar of Trog.
  3481 | D:6      | Reached skill level 6 in Shields
  3624 | D:6      | Reached XP level 8. HP: 57/72 MP: 6/6
  3731 | D:6      | Reached skill level 5 in Short Blades
  3750 | D:6      | Reached skill level 7 in Shields
  3854 | D:6      | Found Gafuez's Magic Scroll Boutique.
  3881 | D:6      | Bought a scroll of teleportation for 42 gold pieces
  3881 | D:6      | Bought a scroll of fog for 28 gold pieces
  3881 | D:6      | Bought a scroll of immolation for 49 gold pieces
  4282 | D:7      | Reached skill level 8 in Shields
  4282 | D:7      | Gained mutation: You passively map the area around you.
                  | [Deep Dwarf growth]
  4282 | D:7      | Reached XP level 9. HP: 24/79 MP: 6/6
  4402 | D:7      | Found an ancient bone altar of Kikubaaqudgha.
  4403 | D:7      | Found a shimmering altar of Xom.
  4404 | D:7      | Found a hide-covered altar of Uskayaw.
  4494 | D:7      | Reached skill level 5 in Fighting
  4636 | D:7      | Reached skill level 9 in Shields
  4646 | D:7      | Found a staircase to the Ecumenical Temple.
  4655 | Temple   | Entered the Ecumenical Temple
  4771 | Temple   | Became a worshipper of Gozag Ym Sagoz the Greedy
  5438 | D:8      | Reached XP level 10. HP: 58/88 MP: 4/4
  5813 | D:8      | Found a staircase to the Lair.
  5847 | Lair:1   | Entered Level 1 of the Lair of Beasts
  5987 | Lair:1   | Reached skill level 10 in Shields
  6269 | Lair:1   | Noticed a spiny frog
  6297 | Lair:1   | Killed a spiny frog
  6406 | Lair:1   | Noticed a spiny frog
  6412 | Lair:1   | Killed a spiny frog
  6493 | Lair:1   | Noticed a fire dragon
  6615 | Lair:1   | Noticed a spiny frog
  6626 | Lair:1   | Killed a spiny frog
  6978 | Lair:1   | Reached skill level 1 in Maces & Flails
  6994 | Lair:1   | Noticed a spiny frog
  7006 | Lair:1   | Killed a spiny frog
  7315 | Lair:1   | Reached skill level 11 in Shields
  7319 | Lair:1   | Reached XP level 11. HP: 18/97 MP: 3/3
  7619 | Lair:2   | HP: 3/97 [torpor snail (12)]
  7641 | Lair:2   | Slain by a swamp worm

Levels and vault maps discovered:
D:1:      minmay_arrival_glassed_features, layout_basic
D:2:      layout_basic, first_ration
D:3:      layout_rooms, elyvilon_altar_4, nicolae_overflow_hidden_temple,
          gup_sewer_entry_bowl, chequers_ecumenical_altar_island,
          kennysheep_generic_room_15
D:4:      layout_rooms, okawaru_metal_pillars_1_2, evilmike_ruin_ashenzari,
          enter_ossuary_4, serial_shops, shop
D:5:      wander_river, layout_cave_pools, basic_altar
D:6:      cheibrodos_barr_body, layout_rooms, serial_shops,
          nicolae_shop_temple_entry_statues_fountains,
          chequers_serial_rivers_small_b
D:7:      cheibrodos_steamvent, layout_rooms, grunt_temple_overflow_open,
          minmay_temple_entry_large_hall
D:8:      layout_cave_pools, lair_entry_dummy
Temple:   nicolae_temple_hex_pool
Lair:1:   dragon1_lemuel, layout_layer_cave, grunt_megastairs_2,
          infiniplex_staircase_pool, serial_bayou_shore_b
Lair:2:   layout_chaotic_city, swamp_mist_pool, worms_lemuel,
          minmay_lair_oklob_chamber, grunt_megastairs_4

Skill      XL: |  1  2  3  4  5  6  7  8  9 10 |
---------------+-------------------------------+-----
Fighting       | 3 4 5 6 |  6.3
Axes           | 3 |  3.5
Armour         | 4 5 6 7 9 |  9.7
Shields        | 4 5 6 8 9 11 | 11.3
Short Blades   | 1 2 3 4 6 7 8 |  8.3
Maces & Flails | 2 |  2.2

Action                   |  1- 3 |  4- 6 |  7- 9 | 10-12 || total
-------------------------+-------+-------+-------+-------++-------
Melee: War axe           |    81 |     3 |       |       ||    84
       Dagger            |       |   374 |   786 |   240 ||  1400
       Flail             |       |       |       |   219 ||   219
Invok: Potion Petition   |       |       |     1 |     1 ||     2
 Abil: Heal Wounds       |       |     2 |    13 |    17 ||    32
  Use: Scroll            |       |     7 |     3 |     7 ||    17
       Potion            |       |     1 |     3 |    14 ||    18
 Stab: Distracted        |       |       |     1 |     1 ||     2
  Eat: Chunk             |       |     4 |     7 |       ||    11
       Ration            |       |     1 |     1 |     2 ||     4
Armor: Scale mail        |    26 |    70 |    56 |       ||   152
       Plate armour      |       |       |   143 |   103 ||   246
Dodge: Dodged            |    33 |   118 |   228 |   132 ||   511
Block: Shield            |    50 |   149 |   396 |   248 ||   843
